 Dungeon Crawl Stone Soup version 0.19-a0-585-ge40200b (webtiles) character file.

15008 shmeve the Fighter (level 11, -11/89 HPs)
             Began as a Vampire Fighter on June 10, 2016.
             Was a High Priest of Trog.
             Mangled by a red ugly thing (13 damage)
             ... on level 14 of the Dungeon.
             The game lasted 00:30:44 (8069 turns).

shmeve the Fighter (Vampire Fighter)                Turns: 8069, Time: 00:30:44

Health: -11/89     AC: 22    Str: 18    XL:     11   Next: 96%
Magic:  11/11      EV:  7    Int: 14    God:    Trog [*****.]
Gold:   1017       SH: 11    Dex: 14    Spells: 0 memorised, 10 levels left

rFire  . . .     SeeInvis +     O - +1 broad axe
rCold  . . .     Gourm    .     L - +0 plate armour
rNeg   . . .     Faith    .     c - +0 shield
rPois  +         Spirit   .     Q - +0 helmet {Int+3}
rElec  .         Dismiss  .     (no cloak)
rCorr  .         Reflect  .     u - +2 pair of gloves
SustAt .         Harm     .     x - +0 pair of boots
MR     +++..                    m - amulet of regeneration
Stlth  ..........               K - ring of poison resistance
                                H - +4 ring of protection

@: lethally poisoned (-11 -> -14), exhausted, regenerating, slowed, very slow,
extremely resistant to hostile enchantments, extremely unstealthy
A: fangs 3, see invisible, unbreathing
a: Berserk, Trog's Hand, Brothers in Arms, Burn Spellbooks, Renounce Religion


You were on level 14 of the Dungeon.
You worshipped Trog.
Trog was extremely pleased with you.
You were very full.

You visited 1 branch of the dungeon, and saw 12 of its levels.
You also visited: Bailey.

You collected 1017 gold pieces.

Inventory:

Hand Weapons
 O - a +1 broad axe (weapon)
Armour
 c - a +0 shield (worn)
 u - a +2 pair of gloves (worn)
 x - a +0 pair of boots (worn)
 L - a +0 plate armour (worn)
 Q - a +0 helmet of intelligence (worn)
Jewellery
 m - an amulet of regeneration (around neck)
 H - a +4 ring of protection (left hand)
 K - a ring of poison resistance (right hand)
 M - a +2 ring of strength {unknown}
Wands
 a - a wand of iceblast (7/15)
 t - a wand of slowing (20/48)
 E - a wand of paralysis (14/24)
 F - a wand of lightning (1/15)
 I - a wand of iceblast (9/15)
 N - a wand of iceblast (8/15)
Scrolls
 d - 3 scrolls of random uselessness
 f - a scroll of enchant weapon
 g - 2 scrolls of remove curse
 h - 4 scrolls of magic mapping {unknown}
 j - 2 scrolls of enchant armour {unknown}
 k - 4 scrolls of teleportation {unknown}
 l - 2 scrolls of fear {unknown}
 o - 5 scrolls of noise {unknown}
 p - 2 scrolls of fog {unknown}
 q - 5 scrolls of immolation {unknown}
 s - 7 scrolls of identify {unknown}
 v - 3 scrolls of amnesia {unknown}
 B - a scroll of recharging {unknown}
 G - a scroll of vulnerability {unknown}
Potions
 b - 4 potions of curing {unknown}
 e - 50 potions of blood
 i - a potion of brilliance {unknown}
 n - 2 potions of resistance {unknown}
 r - 2 potions of flight {unknown}
 w - 3 potions of heal wounds {unknown}
 z - 3 potions of degeneration {unknown}
 A - 2 potions of haste {unknown}
 C - a potion of cancellation {unknown}
 D - 3 potions of might
 J - a potion of agility {unknown}


   Skills:
 * Level 9.4 Fighting
 * Level 9.4 Axes
 + Level 6.4 Armour
 + Level 7.3 Dodging
 * Level 9.4 Shields


You had 10 spell levels left.
You didn't know any spells.

Dungeon Overview and Level Annotations

Branches:
Dungeon (14/15)            Temple (0/1) D:6            Lair (0/8) D:10
    Orc: D:9-12      Vaults: D:13-14

Altars:
Ashenzari
Dithmenos
Hepliaklqana
Makhleb
Okawaru
Ru
Trog

Shops:
D:5 }   D:8 (


Innate Abilities, Weirdness & Mutations

Your natural rate of healing is unusually fast.
You have razor-sharp teeth.
You have supernaturally acute eyesight. (SInv)
You can survive without breathing.


Message History

Your plate armour prevents you from hitting the red ugly thing.
The red ugly thing is almost dead.
The red ugly thing bites you!
You are engulfed in flames!!
* * * LOW HITPOINT WARNING * * *
The green ugly thing trunk-slaps you!
* * * LOW HITPOINT WARNING * * *
You are lethally poisoned!
The green ugly thing poisons you! You block the red ugly thing's attack.
The green ugly thing trunk-slaps you but does no damage.
Your skin crawls.
You feel resistant to hostile enchantments.
You feel somewhat less full.
* * * LOW HITPOINT WARNING * * *
You feel very sick. You block the red ugly thing's attack.
The green ugly thing basks in the mutagenic energy from its kin and changes!
The red ugly thing bites you.
* * * LOW HITPOINT WARNING * * *
You are engulfed in flames!
You die...

#...........
#...)....#
.......
##.)∩)...#
....... #)))...##
....... #[....###
.....>.
###.......###
.......
#...####....###
u...... ..###
###....###uh.....
### ###....@#....
# #.#...u......
#....##........
#......###......
#........ ##....
##........ ##..
#........# .
##........ ###..


You could see 3 ugly things and a hound.

Vanquished Creatures
  A vault guard (D:14)
  A centaur warrior (D:14)
  A tengu warrior (D:14)
  An ogre mage (D:14)
  A wizard (D:14)
  4 ugly things
  A centaur zombie (D:9)
  2 gargoyles
  A two-headed ogre (D:6)
  A troll (D:9)
  Grinder (D:5)
  A spriggan (D:10)
  7 yaks
  2 wyverns
  The ghost of Senri the Ruffian, an amateur DrMo (D:4)
  2 humans (D:14)
  2 hungry ghosts (D:14)
  3 vampire mosquitoes (D:14)
  Menkaure (D:7)
  A water moccasin (D:9)
  3 orc warriors
  A sky beast (D:10)
  2 ice beasts
  2 phantoms
  3 ogres
  A wasp (D:7)
  10 centaurs
  A crocodile (D:9)
  10 giant frogs
  8 gnoll sergeants (Bailey)
  A water moccasin zombie (D:8)
  A wyvern skeleton (D:8)
  3 scorpions
  7 killer bees
  8 wights (D:8)
  2 howler monkeys
  2 crimson imps
  2 giant frog zombies
  2 centaur skeletons
  10 hounds
  2 jellies
  A giant frog skeleton (D:9)
  6 gnoll shamans (Bailey)
  7 orc priests
  Jessica (D:3)
  4 iguanas
  10 orc wizards
  14 worker ants
  3 hound zombies
  A hound skeleton (D:5)
  2 worker ant zombies
  15 adders
  24 gnolls
  3 shadow imps
  An ooze (D:7)
  An adder skeleton (D:4)
  An adder zombie (D:9)
  A worm (D:2)
  2 dart slugs
  5 giant geckos
  36 orcs
  8 giant cockroaches
  6 goblins
  11 hobgoblins
  23 jackals
  8 kobolds
  5 quokkas
  3 ball pythons
  7 bats
  A giant cockroach zombie (D:5)
  A giant gecko skeleton (D:4)
  7 giant newts
  A quokka skeleton (D:5)
  2 quokka zombies (D:5)
  5 rats
342 creatures vanquished.

Notes
Turn   | Place    | Note
--------------------------------------------------------------
     0 | D:1      | shmeve the Vampire Fighter began the quest for the Orb.
     0 | D:1      | Reached XP level 1. HP: 17/17 MP: 1/1
   117 | D:1      | Reached XP level 2. HP: 21/23 MP: 2/2
   485 | D:1      | Reached XP level 3. HP: 21/29 MP: 3/3
  1164 | D:2      | Reached XP level 4. HP: 35/35 MP: 4/4
  1230 | D:3      | Reached skill level 1 in Dodging
  1309 | D:3      | Reached XP level 5. HP: 40/41 MP: 5/5
  1509 | D:3      | Found a shattered altar of Ashenzari.
  1513 | D:3      | Found a sacrificial altar of Ru.
  1561 | D:3      | Noticed Jessica
  1579 | D:3      | Killed Jessica
  1618 | D:3      | Found a bloodstained altar of Trog.
  1618 | D:3      | Found a hazy altar of Hepliaklqana.
  1624 | D:3      | Became a worshipper of Trog the Wrathful
  1953 | D:4      | Reached XP level 6. HP: 46/48 MP: 6/6
  2009 | D:4      | Noticed Senri's ghost (amateur DrMo)
  2023 | D:4      | Killed Senri's ghost
  2023 | D:4      | Reached XP level 7. HP: 46/54 MP: 7/7
  2079 | D:4      | Reached * piety under Trog
  2556 | D:5      | Entered Level 5 of the Dungeon
  2695 | D:5      | Found Feobbublaxt's Quality Used Wands.
  2697 | D:5      | Noticed Grinder
  2735 | D:5      | Paralysed by Grinder for 3 turns
  2740 | D:5      | Killed Grinder
  2882 | D:5      | Found a burning altar of Makhleb.
  3022 | D:5      | Reached skill level 5 in Shields
  3022 | D:5      | Reached XP level 8. HP: 58/61 MP: 8/8
  3154 | D:5      | Reached skill level 5 in Fighting
  3572 | D:6      | Reached skill level 5 in Axes
  3578 | D:6      | Reached ** piety under Trog
  3769 | D:6      | Found a bloodstained altar of Trog.
  3935 | D:6      | Found a staircase to the Ecumenical Temple.
  4010 | D:6      | Noticed a two-headed ogre
  4022 | D:6      | Killed a two-headed ogre
  4022 | D:6      | Reached XP level 9. HP: 69/69 MP: 9/9
  4242 | D:7      | Noticed Menkaure
  4248 | D:7      | Killed Menkaure
  4351 | D:7      | Reached *** piety under Trog
  4432 | D:7      | Found a shadowy altar of Dithmenos.
  4435 | D:7      | Noticed a gargoyle
  4446 | D:7      | Killed a gargoyle
  4526 | D:7      | Found an iron altar of Okawaru.
  4577 | D:7      | Reached skill level 5 in Dodging
  4739 | D:8      | Found Kur Caty's Antique Weapon Shoppe.
  4881 | D:8      | Reached skill level 5 in Armour
  4999 | D:8      | Reached XP level 10. HP: 79/79 MP: 10/10
  5654 | D:8      | Reached **** piety under Trog
  5748 | D:9      | Got a twisted ring mail
  5759 | D:9      | Identified the +0 ring mail of Yredelemnul's Whim {rElec} (You found it on level 9 of the Dungeon)
  6251 | D:10     | Entered Level 10 of the Dungeon
  6292 | D:10     | Found a staircase to the Lair.
  6449 | D:10     | Noticed a purple ugly thing
  6463 | D:10     | Killed a purple ugly thing
  6675 | D:10     | Reached XP level 11. HP: 87/87 MP: 11/11
  7165 | D:11     | You fall through a shaft for 3 floors!
  7259 | D:14     | Noticed a vault guard
  7285 | D:14     | Noticed a vault guard
  7295 | D:14     | Noticed an ogre mage
  7295 | D:14     | Noticed a vault guard
  7301 | D:14     | Noticed a wizard
  7308 | D:14     | Killed an ogre mage
  7320 | D:14     | Killed a vault guard
  7324 | D:14     | Killed a wizard
  7357 | D:14     | Noticed a centaur warrior
  7372 | D:14     | Killed a centaur warrior
  7557 | D:14     | Noticed a tengu warrior
  7612 | D:14     | Killed a tengu warrior
  7655 | D:14     | Found a flagged portal.
  7687 | Bailey   | Entered a bailey
  7809 | Bailey   | Reached ***** piety under Trog
  8037 | D:14     | Noticed a cyan ugly thing
  8037 | D:14     | Noticed a cyan ugly thing
  8038 | D:14     | Noticed a cyan ugly thing
  8038 | D:14     | Noticed a cyan ugly thing
  8040 | D:14     | Noticed a cyan ugly thing
  8040 | D:14     | Noticed a cyan ugly thing
  8052 | D:14     | Killed a cyan ugly thing
  8058 | D:14     | Killed a cyan ugly thing
  8063 | D:14     | Killed a green ugly thing
  8069 | D:14     | HP: 4/89 [poisoned by a green ugly thing]
  8069 | D:14     | Mangled by a red ugly thing

Vault maps used:
D:1:      dpeg_arrival_another_circle, corexii_leaking_fountain
D:2:      first_bread, hangedman_glass_teeth
D:3:      gammafunk_temple_overflow_wave, minitemple, kennysheep_minor_cross,
          uniq_jessica
D:5:      old_standard_altar, grunt_ministairs_9, nicolae_for_you_no_charge,
          uniq_grinder
D:6:      minmay_temple_entry_statues_pillars, hangedman_decor_push,
          corexii_corridor_pit, trog_three_pillars_becter
D:7:      old_standard_altar, basic_altar, uniq_menkaure
D:8:      serial_shops, kennysheep_little_box
D:10:     lair_0_dummy, the_bakery, hangedman_decor_diamond_cutter
D:11:     basic_altar, grunt_qazlal_clouds
D:14:     grunt_vaults_entry_fortified, enter_bailey_2, serial_park_square2,
          serial_shops, nicolae_shop_crystal
Bailey:   bailey_polearm_gnolls_kennysheep, bailey

Skill      XL: |  1  2  3  4  5  6  7  8  9 10 11 |
---------------+----------------------------------+-----
Axes           | 2 3 4 5 6 8 9 |  9.4
Fighting       | 3 4 5 7 8 9 |  9.4
Shields        | 3 4 5 7 8 9 |  9.4
Dodging        | 1 2 3 4 5 6 7 |  7.3
Armour         | 3 4 5 6 |  6.4

Action                   |  1- 3 |  4- 6 |  7- 9 | 10-12 || total
-------------------------+-------+-------+-------+-------++-------
Melee: War axe           |   117 |   123 |   440 |   492 ||  1172
       Bite              |     7 |    10 |    68 |    96 ||   181
       Broad axe         |       |       |       |   213 ||   213
Invok: Burn Spellbooks   |       |     1 |     3 |     1 ||     5
       Berserk           |       |       |     6 |     7 ||    13
       Trog's Hand       |       |       |     1 |     2 ||     3
       Brothers in Arms  |       |       |       |     1 ||     1
  Use: Potion            |     4 |     7 |    24 |    27 ||    62
       Scroll            |       |       |       |     3 ||     3
  Eat: Corpse            |     8 |       |       |       ||     8
Armor: Scale mail        |     9 |       |       |       ||     9
       Chain mail        |    81 |   121 |   296 |   106 ||   604
       Plate armour      |       |       |       |   443 ||   443
Dodge: Dodged            |    41 |    30 |   157 |   216 ||   444
Block: Shield            |    77 |    86 |   316 |   561 ||  1040
